 Dungeon Crawl Stone Soup version 0.30-a0-339-g89bb51ec76 (webtiles) character file.

Game seed: 12893876746964328074

123200 hikkokomori the Blocker (level 15, -4/123 HPs)
             Began as a Demigod Earth Elementalist on Nov 1, 2022.
             Slain by a redback (10 damage)
             ... on level 1 of the Spider Nest.
             The game lasted 02:02:15 (39837 turns).

hikkokomori the Blocker (DgEE)                     Turns: 39837, Time: 02:02:17

Health: -4/123     AC: 16    Str: 12    XL:     15   Next: 89%
Magic:  11/32      EV: 21    Int: 41    God:
Gold:   1512       SH: 19    Dex: 20    Spells: 7/32 levels left

rFire   . . .      SeeInvis +    Z - +8 demon trident "Rift" {distort, reach+}
rCold   + + +      Faith    .    V - +5 kite shield {reflect}
rNeg    . . .      Spirit   .    J - +1 leather armour of Mysticism {rPois rF+ Str+3 Slay+2}
rPois   +          Reflect  +    l - +2 helmet {SInv}
rElec   .          Harm     .    S - scarf {shadows}
rCorr   +          Rampage  .    B - +1 pair of gloves of the Chupacabra {rF- rC+ rCorr Int+4}
Will    +....                    R - +1 pair of boots "Ennyalac" {rC++ Dex+6 Slay-4}
Stlth   ++++......               C - amulet of magic regeneration
HPRegen 0.40/turn                D - +4 ring of evasion
MPRegen 0.63/turn                G - +4 ring of protection

@: on berserk cooldown, slowed, very slow
A: high MP 1, forlorn, divine attributes
a: no special abilities


You were on level 1 of the Spider Nest.
You visited 7 branches of the dungeon, and saw 27 of its levels.
You also visited: Bailey.

You collected 3771 gold pieces.
You spent 2259 gold pieces at shops.

Inventory:

Hand Weapons
 j - the +5 rapier of Nyitt {flame, MP+9 Dex+4}
   (You bought it in a shop on level 2 of the Orcish Mines)

   It burns those it strikes, dealing additional fire damage.
   Dex:       It affects your dexterity (+4).
   MP:        It affects your magic capacity (+9).
 Q - the +3 flail of Tartarus {drain, rF+ SInv}
   (You found it on level 7 of the Dungeon)

   A truly terrible weapon, it drains the life of any living foe it strikes.
   rF:        It protects you from fire.
   SInv:      It lets you see invisible.
 Z - the +8 demon trident "Rift" (weapon) {distort, reach+}
   (You found it on level 15 of the Dungeon)

   It warps and distorts space around it, and may blink, banish, or inflict
   extra damage upon those it strikes.
   Unwielding it can cause banishment or high damage.
   It can reach especially far, and its reaching attacks ignore other creatures
   in the way.
Armour
 l - a +2 helmet of see invisible (worn)
 B - the +1 pair of gloves of the Chupacabra (worn) {rF- rC+ rCorr Int+4}
   (You found it on level 5 of the Dungeon)

   Int:       It affects your intelligence (+4).
   rF:        It makes you vulnerable to fire.
   rC:        It protects you from cold.
   rCorr:     It protects you from acid and corrosion.
 J - the +1 leather armour of Mysticism (worn) {rPois rF+ Str+3 Slay+2}
   (You bought it in a shop on level 12 of the Dungeon)

   Str:       It affects your strength (+3).
   Slay:      It affects your accuracy & damage with ranged weapons and melee
   (+2).
   rF:        It protects you from fire.
   rPois:     It protects you from poison.
 P - the +3 buckler of Anaesthesia {rElec rC+}
   (You acquired it on level 4 of the Lair of Beasts)

   rC:        It protects you from cold.
   rElec:     It insulates you from electricity.
 R - the +1 pair of boots "Ennyalac" (worn) {rC++ Dex+6 Slay-4}
   (You bought it in a shop on level 12 of the Dungeon)

   Dex:       It affects your dexterity (+6).
   Slay:      It affects your accuracy & damage with ranged weapons and melee
   (-4).
   rC:        It greatly protects you from cold.
 S - a scarf of shadows (worn)
 U - +0 steam dragon scales
 V - a +5 kite shield of reflection (worn)
Magical Staves
 x - a staff of cold
 O - a staff of air
Jewellery
 e - an amulet of the acrobat
 n - a ring of protection from fire
 s - a ring of protection from cold
 w - a ring of willpower
 C - an amulet of magic regeneration (around neck)
 D - a +4 ring of evasion (left hand)
 G - a +4 ring of protection (right hand)
 I - a +6 ring of intelligence
 T - a +6 ring of strength
Wands
 p - a wand of paralysis (20)
 q - a wand of polymorph (11)
 W - a wand of iceblast (2)
 Y - a wand of flame (22)
Scrolls
 d - 4 scrolls of enchant weapon
 f - 3 scrolls of vulnerability
 g - a scroll of fear
 h - 6 scrolls of magic mapping
 o - 2 scrolls of butterflies
 u - a scroll of blinking
 H - 5 scrolls of identify
 L - 2 scrolls of brand weapon
 M - 2 scrolls of enchant armour
 X - 2 scrolls of poison
Potions
 a - a potion of resistance
 c - a potion of haste
 k - 3 potions of lignification
 m - 5 potions of curing
 r - 2 potions of might
 v - 4 potions of brilliance
 z - 3 potions of flight
 K - 5 potions of mutation


   Skills:
 - Level 8.7 Fighting
 + Level 2.3 Polearms
 - Level 4.5 Armour
 - Level 10.0 Dodging
 - Level 8.4 Stealth
 + Level 13.0 Shields
 + Level 9.0 Spellcasting
 + Level 8.8 Conjurations
 - Level 6.1 Necromancy
 - Level 1.0 Transmutations
 + Level 1.5 Fire Magic
 - Level 9.0 Ice Magic
 - Level 9.2 Earth Magic


You had 7 spell levels left.
You knew the following spells:

 Your Spells              Type           Power      Damage    Failure   Level
a - Sandblast             Erth           100%       2d20      1%          1
b - Ozocubu's Armour      Ice            75%        N/A       1%          3
c - Stone Arrow           Conj/Erth      100%       3d13      1%          3
d - Passwall              Tmut/Erth      47%        N/A       1%          2
e - Animate Dead          Necr           62%        N/A       3%          4
f - Blink                 Tloc           36%        N/A       7%          2
g - Lee's Rapid Deconstr  Erth           38%        3d19*     2%          5
h - Fireball              Conj/Fire      28%        3d12      14%         5

Your spell library contained the following spells:

 Spells                   Type           Power      Damage    Failure   Level
 Foxfire                  Conj/Fire      100%       2x1d9     1%          1
 Necrotise                Necr           100%       1d9       1%          1
 Momentum Strike          Conj/Tloc      100%       3d10      1%          2
 Sting                    Tmut/Pois      88%        1d7       3%          1
 Scorch                   Fire           62%        2d8       3%          2
 Apportation              Tloc           36%        N/A       4%          1
 Summon Small Mammal      Summ           72%        N/A       4%          1
 Flame Wave               Conj/Fire      57%        2d14      5%          4
 Petrify                  Tmut/Erth      57%        N/A       5%          4
 Poisonous Vapours        Pois/Air       36%        N/A       7%          2
 Animate Armour           Summ/Erth      100%       N/A       7%          4
 Leda's Liquefaction      Hex/Erth       27%        N/A       7%          4
 Lesser Beckoning         Tloc           36%        N/A       13%         3
 Cause Fear               Hex            9%         N/A       41%         4
 Olgreb's Toxic Radiance  Pois           18%        N/A       41%         4
 Starburst                Conj/Fire      28%        6d9       63%         6
 Statue Form              Tmut/Erth      38%        N/A       63%         6
 Ozocubu's Refrigeration  Ice            37%        4d15      67%         7
 Alistair's Intoxication  Tmut/Pois      14%        N/A       69%         5
 Yara's Violent Unravell  Hex/Tmut       11%        3d6       69%         5
 Eringya's Noxious Bog    Tmut/Pois      11%        N/A       99%         6
 Summon Cactus Giant      Summ           9%         N/A       100%        6
 Dragon Form              Tmut           13%        N/A       100%        7
 Enfeeble                 Hex            9%         N/A       100%        7
 Haunt                    Necr/Summ      21%        N/A       100%        7
 Infestation              Necr           31%        N/A       100%        8
 Lehudib's Crystal Spear  Conj/Erth      37%        10d9      100%        8
 Dragon's Call            Summ           9%         N/A       100%        9


Dungeon Overview and Level Annotations

Branches:
Dungeon (15/15)            Temple (1/1) D:6            Lair (5/5) D:10
 Shoals (2/4) Lair:2       Spider (1/4) Lair:2        Slime (0/5) Lair:4
    Orc (2/2) D:12            Elf (0/3) Orc:2        Vaults (0/5) D:14
 Depths (1/4) D:15         Bailey (visited)

Shops:
D:4 ?   D:12 [*   Orc:2 [(*=   Shoals:2 =

Portals:
Abyss: D:6 D:15

Annotations:
D:6 2 transporters, baller8008's ghost, novice AtFi
D:8 1 transporter


Innate Abilities, Weirdness & Mutations

You have an increased reservoir of magic. (+10% MP)
You shall have no god before yourself.
Your divine heritage dramatically boosts your attributes as you level up.


Message History

Your demonic crawler zombie hits the redback.
The redback dies!
You hear a hideous shriek!
You completely miss the wolf spider.
The wolf spider is moderately wounded.
You block the wolf spider's attack.
The wolf spider bites you but does no damage.
The jumping spider leaps!
You block the wolf spider's attack. The wolf spider barely misses you.
Unknown command.
You are too berserk!
You puncture the wolf spider!
Space warps horribly around the wolf spider!
The wolf spider is severely wounded.
You are no longer berserk.
You are exhausted.
You feel as though you will be slow longer.
Your reaping aura expires.
You hear a hideous shriek!
You block the wolf spider's attack. x2; The jumping spider leaps!
The redback bites you but does no damage.
Your demonic crawler zombie hits the torpor snail but does no damage.
Your demonic crawler zombie hits the torpor snail. x2
The wolf spider misses you. The wolf spider barely misses you.
Your demonic crawler zombie hits the torpor snail. x2
Your demonic crawler zombie hits the torpor snail but does no damage.
You block the redback's attack.
Your magical effects are unravelling.
You feel magically purged.
Your icy armour evaporates.
You block the wolf spider's attack. x2; The jumping spider is healed somewhat.
The redback closely misses you.
The wolf spider hits you but does no damage.
You block the wolf spider's attack.
The torpor snail bites something!!
Your demonic crawler zombie hits the torpor snail! x2
Your demonic crawler zombie hits the torpor snail but does no damage.
Your demonic crawler zombie completely misses the torpor snail.
Your demonic crawler zombie hits the torpor snail but does no damage. x2
The redback bites you!
You die...

#≈○. ### #~~. ##s#
##≈~. #.^##
#~~~.####..#
#~~.s.#.#..#
##...#ZZ# # .
#.s..wZ###.#..
~~....###s.#.#..^#
.....# #@ss#......
###.. ###ssss..#
^.[. #.sss##^...
##.. ###...# .. ..
##..†#..#
#....#.## #.#..###
###..## ###..#


You could see a torpor snail (distracted, ally target), a demonic crawler, a
wolf spider, an orb spider (charged), 2 culicivoras, a jumping spider
(distracted, ally target), 2 redbacks, a friendly wolf spider zombie (slow) and
2 friendly demonic crawler zombies.

Vanquished Creatures
  Jorgrun (D:14)
  2 tentacled starspawn (D:15)
  Roxanne (D:14)
  Agnes (D:15)
  Kirke (Lair:4)
  A stone giant (D:15)
  2 orc warlords
  Azrael (D:11)
  An elemental wellspring (Shoals:1)
  The ghost of billz999 the Skirmisher, a journeyman GnHu of Kikubaaqudgha (Lair:5)
  A spark wasp (Spider:1)
  Josephine (D:12)
  An entropy weaver (Spider:1)
  5 hydras
  2 catoblepae
  A boulder beetle (D:14)
  An ice dragon (Lair:5)
  6 centaur warriors
  2 dancing weapons (D:13)
  8 death yaks
  3 merfolk aquamancers
  3 tengu warriors
  4 orc high priests (Orc:2)
  20 skeletal warriors
  7 sea snakes
  3 starcursed masses (D:15)
  A steelbarb worm (Spider:1)
  3 wizards (D:15)
  A lindwurm (Lair:5)
  6 orc knights
  5 deep elf pyromancers
  3 harpies (Shoals:1)
  Pikel (D:5)
  6 orc sorcerers
  A necromancer (Depths:1)
  2 wolf spiders (Spider:1)
  12 ugly things
  3 fauns (Shoals:1)
  7 manticores
  2 merfolk sirens (Shoals:1)
  4 cyclopes
  A moth of wrath (Spider:1)
  6 torpor snails
  4 water nymphs (Shoals:1)
  3 black mambas
  5 cane toads
  4 rime drakes
  4 komodo dragons
  7 demonic crawlers (Spider:1)
  4 yaktaurs (D:15)
  Maggie (D:7)
  Psyche (D:11)
  4 tengu conjurers
  An efreet (D:13)
  5 trolls
  3 tyrant leeches (Lair:5)
  3 merfolk
  A meliai (Lair:2)
  4 hornets (Lair:5)
  A tarantella (Spider:1)
  A wind drake (Shoals:1)
  A hornet (shapeshifter) (D:15)
  5 dream sheep
  5 slime creatures (D:13)
  16 blink frogs
  5 snapping turtles (Shoals:1)
  A shadow (D:11)
  2 jumping spiders (Spider:1)
  Sigmund (D:4)
  17 yaks
  8 water elementals
  6 wraiths
  A fire elemental (D:11)
  A culicivora (Spider:1)
  A yak (shapeshifter) (D:11)
  2 hogs (Lair:4)
  A steam dragon (Lair:2)
  3 wyverns
  2 redbacks (Spider:1)
  4 vampire mosquitoes
  2 basilisks
  A basilisk (shapeshifter) (D:15)
  4 acid dragons
  A warg (Orc:1)
  9 water moccasins
  2 hell hounds
  Duvessa (D:7)
  25 orc warriors
  A sky beast (D:6)
  3 ice beasts
  3 ogres
  2 black bears (D:6)
  5 centaurs
  12 wolves
  The ghost of hikkokomori the Digger, an amateur DgEE (D:3)
  2 lemures (D:4)
  A kobold brigand (D:9)
  4 scorpions
  5 bullfrogs
  A necrophage (D:5)
  9 wights
  Dowan (D:7)
  8 killer bees
  6 electric eels (D:12)
  3 howler monkeys
  3 hounds
  A jelly (D:4)
  17 orc priests
  3 gnoll boudas
  2 iguanas
  19 orc wizards
  A hell rat (Lair:5)
  20 gnolls
  5 adders
  3 orc zombies (Orc:2)
  A worm (D:4)
  75 orcs
  19 bats
  8 endoplasms
  4 giant cockroaches
  13 goblins
  9 hobgoblins
  4 jackals (D:5)
  12 kobolds
  2 quokkas
  5 ball pythons
  A frilled lizard (D:2)
  3 rats
624 creatures vanquished.

Vanquished Creatures (collateral kills)
  Snorg (D:12)
  A hydra (Lair:5)
  A centaur warrior (D:12)
  3 ugly things (D:15)
  An orc knight (Orc:2)
  2 lindwurms (Lair:5)
  An orc sorcerer (Orc:2)
  A manticore (D:15)
  2 elephants (Lair:5)
  A black mamba (Lair:5)
  A cane toad (Lair:4)
  2 demonic crawlers (Spider:1)
  A komodo dragon (Lair:4)
  A tyrant leech (Lair:5)
  3 hornets (Lair:5)
  3 blink frogs (Lair:5)
  A dream sheep (Lair:5)
  A wyvern (Lair:5)
  A wraith (D:11)
  5 yaks
  A basilisk (Lair:5)
  A warg (Orc:2)
  2 redbacks (Spider:1)
  A water moccasin (Lair:5)
  An ice beast (D:10)
  An orc warrior (D:15)
  6 centaurs
  An ogre (Orc:2)
  A wolf (Lair:1)
  A bullfrog (Lair:3)
  3 killer bees
  2 orc priests
  An orc wizard (Orc:2)
  5 orcs
  A bat (Lair:2)
  A bush (D:15)
62 creatures vanquished.

Vanquished Creatures (others)
  A wolf spider zombie (Spider:1)
  9 ugly thing zombies (D:15)
  A death yak zombie (Lair:5)
  A tyrant leech zombie (Lair:5)
  A human (Lair:4)
  A hell hound (D:11)
  A lindwurm zombie (Lair:5)
  7 blink frog zombies (Lair:5)
  A hell hound zombie (D:11)
  5 yak zombies
  2 tengu zombies
  6 wolf zombies
  A bullfrog zombie (Lair:3)
  2 killer bee zombies
  21 orc zombies
  A bush (D:15)
  A butterfly (D:15)
  50 fungi
  100 plants
  3 starspawn tentacles (D:15)
  8 tentacles (Shoals:1)
223 creatures vanquished.

Grand Total: 909 creatures vanquished

Notes
Turn   | Place    | Note
-------+----------+-------------------------------------------
     0 | D:1      | hikkokomori the Demigod Earth Elementalist began the quest
                  | for the Orb.
     0 | D:1      | Reached XP level 1. HP: 14/14 MP: 5/5
     8 | D:1      | Noticed a minotaur skeleton
    15 | D:1      | Noticed a minotaur skeleton
   115 | D:1      | Reached skill level 1 in Transmutations
   471 | D:1      | Reached XP level 2. HP: 20/20 MP: 5/7
  1226 | D:2      | Reached XP level 3. HP: 26/26 MP: 7/9
  2485 | D:3      | Found a runed translucent door.
  2486 | D:3      | Noticed hikkokomori's ghost (amateur DgEE)
  2879 | D:4      | Noticed Sigmund
  2883 | D:4      | Killed Sigmund
  2884 | D:4      | Reached XP level 4. HP: 26/33 MP: 7/12
  2884 | D:4      | Reached XP level 5. HP: 29/38 MP: 7/13
  3449 | D:4      | Found Duluosou's Magic Scroll Emporium.
  3457 | D:4      | Bought a scroll of identify for 24 gold pieces
  3457 | D:4      | Bought a scroll of identify for 24 gold pieces
  3457 | D:4      | Bought a scroll of identify for 24 gold pieces
  3457 | D:4      | Bought a scroll of blinking for 90 gold pieces
  3457 | D:4      | Bought a scroll of magic mapping for 90 gold pieces
  3634 | D:5      | Entered Level 5 of the Dungeon
  3653 | D:5      | Noticed Pikel
  3969 | D:5      | Reached XP level 6. HP: 45/45 MP: 12/15
  3991 | D:5      | Learned a level 3 spell: Ozocubu's Armour
  3995 | D:5      | Learned a level 3 spell: Stone Arrow
  3998 | D:5      | Learned a level 2 spell: Passwall
  4094 | D:5      | Reached skill level 5 in Earth Magic
  4141 | D:5      | Identified the +1 pair of gloves of the Chupacabra {rF- rC+
                  | rCorr Int+4}
  4197 | D:5      | Identified the +9 quarterstaff "Jesi" {antimagic, rPois
                  | rC+}
  4232 | D:5      | Reached skill level 1 in Conjurations
  4232 | D:5      | Reached skill level 1 in Ice Magic
  4484 | D:5      | Reached XP level 7. HP: 46/50 MP: 8/16
  4852 | D:5      | Killed Pikel
  4853 | D:5      | Reached XP level 8. HP: 57/57 MP: 4/17
  5837 | D:6      | Noticed a rust devil
  5906 | D:6      | Reached skill level 1 in Fighting
  6081 | D:6      | Reached skill level 5 in Conjurations
  6113 | D:6      | Found a one-way gate to the infinite horrors of the Abyss.
  6113 | D:6      | Noticed baller8008's ghost (novice AtFi)
  6115 | D:6      | Found a transporter.
  6138 | D:6      | Found a transporter.
  6172 | D:6      | Noticed a worldbinder
  6353 | D:6      | Found a staircase to the Ecumenical Temple.
  6362 | Temple   | Entered the Ecumenical Temple
  6534 | D:7      | Found a flagged portal.
  6563 | Bailey   | Entered a bailey
  6793 | Bailey   | Reached skill level 5 in Ice Magic
  6793 | Bailey   | Reached XP level 9. HP: 66/67 MP: 1/18
  6971 | Bailey   | Noticed an orc knight
  6998 | Bailey   | Noticed an orc knight
  7030 | Bailey   | Killed an orc knight
  7417 | Bailey   | Killed an orc knight
  7850 | D:7      | Identified the +3 flail of Tartarus {drain, rF+ SInv}
  7869 | D:7      | Noticed Duvessa
  7870 | D:7      | Noticed Dowan
  7875 | D:7      | Killed Duvessa
  7877 | D:7      | Killed Dowan
  8392 | D:8      | Reached XP level 10. HP: 64/79 MP: 13/19
  8525 | D:8      | Noticed Maggie
  8809 | D:8      | Learned a level 4 spell: Animate Dead
  8931 | D:7      | Killed Maggie
  8932 | D:7      | Reached skill level 1 in Necromancy
  9122 | D:8      | Found a transporter.
 10488 | D:10     | Entered Level 10 of the Dungeon
 10784 | D:10     | Found a staircase to the Lair.
 11137 | D:10     | Noticed a centaur warrior
 11145 | D:10     | Killed a centaur warrior
 11441 | D:10     | Reached skill level 5 in Stealth
 12179 | D:11     | Reached skill level 5 in Dodging
 12191 | D:11     | Reached XP level 11. HP: 41/85 MP: 4/20
 12748 | Lair:1   | Entered Level 1 of the Lair of Beasts
 13004 | Lair:1   | Reached skill level 5 in Necromancy
 14109 | Lair:2   | Found a hole to the Spider Nest.
 14239 | Lair:2   | Found a staircase to the Shoals.
 14518 | Lair:2   | Noticed a six-headed hydra
 14530 | Lair:2   | Killed a six-headed hydra
 15020 | Lair:3   | Noticed a death yak
 15022 | Lair:3   | Noticed a death yak
 15023 | Lair:3   | Noticed a death yak
 15025 | Lair:3   | Noticed a death yak
 15026 | Lair:3   | Noticed a death yak
 15033 | Lair:2   | Killed a death yak
 15578 | Lair:3   | Noticed a four-headed hydra
 15583 | Lair:3   | Killed a four-headed hydra
 15584 | Lair:3   | Reached skill level 5 in Fighting
 15655 | Lair:3   | Noticed a catoblepas
 15669 | Lair:3   | Killed a catoblepas
 15893 | Lair:2   | Killed a death yak
 16248 | Lair:3   | Killed a death yak
 16249 | Lair:3   | Reached skill level 5 in Spellcasting
 16370 | Lair:3   | Killed a death yak
 16371 | Lair:3   | Reached XP level 12. HP: 94/94 MP: 2/23
 16861 | Lair:3   | Learned a level 2 spell: Blink
 16891 | Lair:4   | Identified a scroll of acquirement
 16892 | Lair:4   | Acquired the +3 buckler of Anaesthesia {rElec rC+}
 16922 | Lair:4   | Reached skill level 1 in Shields
 16924 | Lair:4   | Reached skill level 2 in Shields
 17123 | Lair:4   | Reached skill level 3 in Shields
 17355 | Lair:4   | Noticed Kirke
 17366 | Lair:4   | Killed Kirke
 17367 | Lair:4   | Reached skill level 4 in Shields
 17522 | Lair:4   | Reached skill level 5 in Shields
 17562 | Lair:4   | Noticed a catoblepas
 17569 | Lair:4   | Killed a catoblepas
 17695 | Lair:4   | Reached skill level 6 in Shields
 17992 | Lair:4   | Found a staircase to the Slime Pits.
 18604 | Lair:5   | Entered Level 5 of the Lair of Beasts
 18607 | Lair:5   | Found a runed translucent door.
 18609 | Lair:5   | Noticed billz999's ghost (journeyman GnHu)
 18627 | Lair:5   | Reached skill level 7 in Shields
 19011 | Lair:5   | Reached skill level 8 in Shields
 19225 | Lair:5   | Noticed a seven-headed hydra
 19296 | Lair:5   | Identified the +10 quarterstaff of Gloom {drain, Str+6
                  | Dex-2}
 19652 | Lair:5   | Identified the +6 flail of Dim Light {flame, Dex+2 Stlth+}
 19699 | Lair:5   | Found a runed translucent door.
 19700 | Lair:5   | Noticed an ice dragon
 19763 | Lair:5   | Reached skill level 9 in Shields
 19768 | Lair:5   | Noticed an eight-headed hydra
 19772 | Lair:5   | HP: 2/95 [lindwurm/blast of flame (39)]
 20240 | Lair:5   | Reached XP level 13. HP: 63/102 MP: 9/24
 20329 | Lair:5   | Paralysed by a hornet for 3 turns
 20576 | Lair:5   | Reached skill level 10 in Shields
 21084 | Lair:5   | Reached skill level 11 in Shields
 21457 | Lair:5   | Learned a level 5 spell: Lee's Rapid Deconstruction
 21527 | Lair:5   | Paralysed by a hornet for 1 turns
 22618 | Lair:5   | Killed billz999's ghost
 22892 | D:12     | Noticed Psyche
 22895 | D:12     | Noticed Azrael
 22901 | D:11     | Killed Psyche
 23447 | D:12     | Found Risyterph's General Store.
 23452 | D:12     | Found Xovesull's Antique Armour Boutique.
 23468 | D:12     | Noticed Snorg
 23477 | D:12     | Killed Snorg
 23888 | D:12     | Found a staircase to the Orcish Mines.
 24089 | D:12     | Bought the +1 leather armour of Mysticism {rPois rF+ Str+3
                  | Slay+2} for 638 gold pieces
 24089 | D:12     | Bought the +1 pair of boots "Ennyalac" {rC++ Dex+6 Slay-4}
                  | for 476 gold pieces
 24359 | D:12     | Noticed Josephine
 24369 | D:12     | Killed Josephine
 24938 | D:12     | Reached skill level 1 in Armour
 26425 | D:13     | Reached XP level 14. HP: 113/113 MP: 18/28
 26649 | D:11     | Killed Azrael
 28652 | D:14     | Found a gate to the Vaults.
 28721 | Orc:1    | Entered Level 1 of the Orcish Mines
 29388 | Orc:2    | Entered Level 2 of the Orcish Mines
 29389 | Orc:2    | Noticed an orc warlord
 29419 | Orc:1    | Killed an orc warlord
 30992 | Orc:2    | Noticed an orc warlord
 31220 | Orc:2    | Killed an orc warlord
 31441 | Orc:2    | Reached skill level 12 in Shields
 31619 | Orc:2    | Found a staircase to the Elven Halls.
 31776 | Orc:2    | Found Xankuint's Armour Shop.
 31780 | Orc:2    | Found Vulerphu's General Store.
 31787 | Orc:2    | Bought a scroll of teleportation for 39 gold pieces
 31787 | Orc:2    | Bought a scroll of identify for 26 gold pieces
 31788 | Orc:2    | Found Noud's Jewellery Emporium.
 31790 | Orc:2    | Found Dovvus's Antique Weapon Shop.
 31917 | Orc:2    | Bought a glimmering rapier for 270 gold pieces
 31917 | Orc:2    | Identified the +5 rapier of Nyitt {flame, MP+9 Dex+4} (You
                  | bought it in a shop on level 2 of the Orcish Mines)
 31923 | Orc:2    | Bought an amulet of magic regeneration for 420 gold pieces
 32063 | D:15     | Entered Level 15 of the Dungeon
 32113 | D:14     | Noticed Jorgrun
 32359 | D:14     | Killed Jorgrun
 32852 | D:14     | Identified Roxanne's Quarto of Permutations
 32852 | D:14     | Noticed Roxanne
 32874 | D:14     | Killed Roxanne
 33650 | D:15     | Found a staircase to the Depths.
 33971 | D:15     | Noticed Agnes
 34161 | D:15     | Reached XP level 15. HP: 48/119 MP: 6/31
 34221 | D:15     | Killed Agnes
 35100 | D:15     | Noticed a tentacled starspawn
 35106 | D:15     | Killed a tentacled starspawn
 35239 | D:15     | Noticed a tentacled starspawn
 35243 | D:15     | Killed a tentacled starspawn
 35288 | D:15     | Found the +8 demon trident "Rift" {distort, reach+}
 35546 | Depths:1 | Entered Level 1 of the Depths
 35793 | Shoals:1 | Entered Level 1 of the Shoals
 35806 | Shoals:1 | Acquired 746 gold pieces
 35985 | Shoals:1 | HP: 6/121 [snapping turtle (15)]
 36365 | Shoals:1 | Reached skill level 10 in Dodging
 37218 | Shoals:1 | Noticed a kraken
 38033 | Shoals:2 | Reached skill level 1 in Polearms
 38094 | Shoals:2 | Found Ineaphupipn's Jewellery Shoppe.
 38975 | D:4      | Bought a scroll of enchant armour for 90 gold pieces
 38975 | D:4      | Bought a scroll of fear for 48 gold pieces
 39170 | D:3      | Killed hikkokomori's ghost
 39609 | Spider:1 | Entered Level 1 of the Spider Nest
 39616 | Spider:1 | Learned a level 5 spell: Fireball
 39731 | Spider:1 | Reached skill level 13 in Shields
 39803 | Spider:1 | Reached skill level 1 in Fire Magic
 39831 | Spider:1 | HP: 6/184 [spark wasp (17)]
 39837 | Spider:1 | Slain by a redback

Illustrated notes

Levels and vault maps discovered:
D:1:      shiori_arrival_whats_in_store_for_you, layout_loops_ring
D:2:      layout_loops_cross, minmay_pentomino_p4
D:3:      layout_rooms, ebering_ghost_reflecting_pool
D:4:      layout_cave_pods, nicolae_hepliaklqana_hazy_memory,
          chequers_temple_overflow_statue_of_worship, serial_shops,
          nicolae_shop_waterfront, uniq_sigmund
D:5:      layout_loops_cross, lemuel_round_altar, kennysheep_crisscross,
          uniq_pikel
D:6:      layout_loops_ring, grunt_gozag_breadcrumbs, temple_hall,
          gammafunk_ghost_abyssal_escape
D:7:      layout_rooms, nicolae_sif_muna_condensation, enter_bailey_3,
          hangedman_abyss_or_decor_lesser_grid, uniq_duvessa
D:8:      gammafunk_jiyva_shrine, layout_loops_cross, uniq_maggie
D:9:      layout_stronghold
D:10:     layout_basic, hellmonk_lair_entry_icy, serial_park_tiny_1
D:11:     layout_roguey
D:12:     layout_basic, erik_orc_4, serial_shops, nicolae_shop_waterfront,
          nicolae_shop_advertising_works [nicolae_subvault_shop_adworks],
          portal_ice_cave_entry_pillars_2, uniq_azrael, uniq_snorg,
          uniq_josephine, uniq_psyche
D:13:     layout_long_grid
D:14:     layout_gridville, erik_vaults_1, minmay_crystal_room, nrook_campfire,
          uniq_jorgrun, uniq_roxanne
D:15:     grunt_enter_depths_snipers, layout_layer_cave,
          nicolae_elyvilon_peaceful_grove, hellmonk_guarded_unrand_rift,
          uniq_agnes
Temple:   nicolae_temple_x_marks_the_god
Lair:1:   layout_regular_city, columned_hall_lemuel,
          chequers_serial_rivers_micro_a, serial_bayou_crossing
Lair:2:   layout_gridlike, minmay_shoals_entry_centaurs,
          hellmonk_spider_entry_not_the_bees, basic_altar, roderic_batcave,
          serial_bayou_shore_b
Lair:3:   layout_chaotic_city, serial_bayou_shore_b, infiniplex_staircase_pool_2
Lair:4:   layout_layer_cave, slime_entry_1, basic_altar, uniq_kirke
Lair:5:   wormcave, layout_regular_city, hangedman_lair_in_review,
          hellmonk_ghost_happy_afterlife
Shoals:1: layout_shoals, nicolae_shoals_spring_well_temple
Shoals:2: layout_shoals, serial_shops, shop
Spider:1: layout_spider_delve, gammafunk_ghost_cemetery, worms_lemuel
Orc:1:    layout_caves, mines2_lemuel
Orc:2:    st_orc_elflike, layout_caves, minmay_orc_temple_c
Depths:1: layout_forbidden_donut, enter_ziggurat_b, grunt_mini_vestibule,
          minmay_door_square, abyss_entry_crystal, kennysheep_potato

Skill      XL: |  1  2  3  4  5  6  7  8  9 10 11 12 13 14 15 |
---------------+----------------------------------------------+-----
Transmutations | 1 |  1.0
Spellcasting   | 2 3 4 5 6 7 9 |  9.0
Earth Magic    | 3 4 5 6 7 8 9 |  9.2
Conjurations   | 1 3 5 6 7 8 |  8.8
Ice Magic      | 2 4 5 6 7 8 9 |  9.0
Fighting       | 2 4 5 7 8 |  8.7
Dodging        | 2 5 7 8 9 10 | 10.0
Stealth        | 2 5 7 8 |  8.4
Necromancy     | 4 6 |  6.1
Shields        | 9 11 12 13 | 13.0
Armour         | 2 4 |  4.5
Polearms       | 2 |  2.3
Fire Magic     | 1 |  1.5

Action                   |  1- 3 |  4- 6 |  7- 9 | 10-12 | 13-15 || total
-------------------------+-------+-------+-------+-------+-------++-------
Melee: Dagger            |    11 |       |       |       |       ||    11
       Halberd           |       |    18 |     9 |       |       ||    27
       Quarterstaff      |       |       |    20 |       |       ||    20
       Trident           |       |       |     2 |       |       ||     2
       Flail             |       |       |       |    40 |   135 ||   175
       Punch             |       |       |       |       |     1 ||     1
       Rapier            |       |       |       |       |    40 ||    40
       Demon trident     |       |       |       |       |   153 ||   153
Throw: Throwing net      |       |       |       |     1 |     2 ||     3
 Cast: Sandblast         |    88 |    45 |   123 |   318 |   232 ||   806
       Stone Arrow       |       |     3 |    37 |   105 |   621 ||   766
       Ozocubu's Armour  |       |       |     3 |     5 |    28 ||    36
       Animate Dead      |       |       |       |    20 |    23 ||    43
       Blink             |       |       |       |     3 |     7 ||    10
       Passwall          |       |       |       |     1 |     3 ||     4
       Lee's Rapid Decon |       |       |       |       |    45 ||    45
Evoke: Wand              |       |       |     7 |     2 |    20 ||    29
  Use: Scroll            |       |     1 |     8 |    15 |    22 ||    46
       Potion            |       |       |     1 |     5 |    27 ||    33
 Stab: Sleeping          |       |       |     1 |       |     6 ||     7
       Distracted        |       |       |     1 |       |     2 ||     3
Armor: Robe              |    10 |    11 |    22 |     2 |       ||    45
       Steam dragon scal |       |       |       |   119 |    23 ||   142
       Leather armour    |       |       |       |       |   191 ||   191
Dodge: Dodged            |    42 |    27 |    87 |   365 |   593 ||  1114
Block: Buckler           |       |       |       |       |   138 ||   138
       Kite shield       |       |       |       |       |   503 ||   503
       Reflection        |       |       |       |       |    32 ||    32

Table legend: (Time is in decaauts)
 A = Elapsed time spent in this place.
 B = Non-inter-level travel time spent in this place.
 C = Inter-level travel time spent in this place.
 D = Time resting spent in this place.
 E = Time spent auto-exploring this place.
 F = Levels seen in this place.
 G = Mean time per level.
                   A        B        C        D        E       F      G
               +--------+--------+--------+--------+--------+-----+--------+
         Total |  40662 |  37732 |   2930 |   9027 |  22176 |  28 | 1452.2 |
       Dungeon |  22492 |  20209 |   2283 |   3694 |  13146 |  15 | 1499.5 |
        Temple |     62 |     54 |      8 |      0 |     50 |   1 |   62.0 |
          Lair |  10458 |   9958 |    500 |   2402 |   5991 |   5 | 2091.6 |
        Shoals |   2951 |   2911 |     40 |   1141 |   1195 |   2 | 1475.5 |
   Spider Nest |    241 |    241 |      0 |      0 |     77 |   1 |  241.0 |
  Orcish Mines |   3355 |   3259 |     96 |   1181 |   1525 |   2 | 1677.5 |
        Depths |      6 |      6 |      0 |      0 |      0 |   1 |    6.0 |
        Bailey |   1093 |   1093 |      0 |    608 |    191 |   1 | 1093.0 |
               +--------+--------+--------+--------+--------+-----+--------+

Top non-repeatable levels by time:
  Lair:5: 4247 daAuts
    D:13: 3148 daAuts
    D:15: 2579 daAuts
Shoals:1: 2340 daAuts
   Orc:2: 2110 daAuts
    D:12: 1990 daAuts
  Lair:2: 1979 daAuts
    D:11: 1801 daAuts
  Lair:4: 1777 daAuts
    D:10: 1568 daAuts
    D:14: 1416 daAuts
  Lair:3: 1409 daAuts
     D:6: 1389 daAuts
     D:4: 1336 daAuts
     D:5: 1295 daAuts
